 Dungeon Crawl Stone Soup version 0.30-a0-1160-g6e42c06 (webtiles) character file.

Game seed: 7279365391586530580

4603 Dorkslayer the Cleaver (level 10, -1/61 HPs)
             Began as a Gargoyle Fighter on Apr 25, 2023.
             Was an Initiate of Gozag.
             Slain by a kobold brigand
             ... wielding the +8 trishula "Condemnation" {holy, anguish, *Noise Fly rN+}
              (13 damage)
             ... on level 7 of the Dungeon.
             The game lasted 00:14:59 (6843 turns).

Dorkslayer the Cleaver (Gargoyle Fighter)           Turns: 6843, Time: 00:15:01

Health: -1/61      AC: 22    Str: 21    XL:     10   Next: 42%
Magic:  10/10      EV:  8    Int:  8    God:    Gozag
Gold:   284        SH:  5    Dex: 13    Spells: 9/9 levels left

rFire   + . .        a - +1 war axe
rCold   . . .        c - +0 buckler
rNeg    + . .        w - +2 plate armour
rPois   ∞            (no helmet)
rElec   +            (no cloak)
rCorr   .            (no gloves)
SInv    .            (no boots)
Will    .....        (no amulet) Stlth
                     r - ring of protection from fire
HPRegen 0.30/turn    (no ring)
MPRegen 0.12/turn

%: no passive effects
@: gold aura, hasted, very quick
A: sickness immunity, AC +7, negative energy resistance 1, electricity
resistance, torment resistance 1, petrification resistance
a: Renounce Religion, Potion Petition, Call Merchant, Bribe Branch


You were on level 7 of the Dungeon.
You worshipped Gozag.
Gozag was aware of your devotion.
You visited 2 branches of the dungeon, and saw 8 of its levels.

You collected 541 gold pieces.
You spent 154 gold pieces at shops.
You paid 103 gold pieces to Gozag.

Inventory:

Hand Weapons
 a - a +1 war axe (weapon)
Missiles
 p - 2 silver boomerangs
 q - 8 boomerangs (quivered)
Armour
 c - a +0 buckler (worn)
 w - a +2 plate armour (worn)
Jewellery
 r - a ring of protection from fire (left hand)
Wands
 d - a wand of quicksilver (3)
 f - a wand of flame (29)
 s - a wand of polymorph (7)
Scrolls
 b - a scroll of immolation
 i - a scroll of teleportation
Potions
 e - 2 potions of lignification
 h - a potion of invisibility {unknown}
 j - a potion of ambrosia
 k - a potion of brilliance
 m - a potion of attraction
 n - a potion of berserk rage
 o - 2 potions of flight
 u - a potion of mutation {unknown}


   Skills:
 + Level 6.3 Fighting
 + Level 8.2 Axes
 + Level 0.7 Throwing
 + Level 6.8 Armour
 * Level 4.9 Dodging
 + Level 5.7 Shields
 * Level 5.2 Evocations


You had 9 spell levels left.
You didn't know any spells.
Your spell library contained the following spells:

 Spells                   Type           Power      Damage    Failure   Level
 Lesser Beckoning         Tloc           0%         N/A       100%        2
 Gell's Gravitas          Tloc           0%         N/A       100%        3
 Teleport Other           Tloc           0%         N/A       100%        3


Dungeon Overview and Level Annotations

Branches:
Dungeon (7/15)             Temple (1/1) D:6

Altars:
Dithmenos
Gozag
Makhleb
The Shining One

Shops:
D:6 !


Innate Abilities, Weirdness & Mutations

You are immune to sickness and miasma.
Your stone body is resilient. (AC +7)
You are immune to poison.
You resist negative energy. (rN+)
You are resistant to electric shocks. (rElec)
You are resistant to unholy torment.
You are immune to petrification.


Message History

A scorpion comes into view.
The bullfrog croaks.
The kobold brigand shouts!
You slash the manticore!
The manticore is severely wounded.
You hear a croak.
The kobold brigand is no longer distracted by gold.
The manticore barely misses you. The manticore completely misses you.
The manticore claws you but does no damage.
The kobold brigand hits you from afar with the +8 trishula "Condemnation" {holy, anguish, *Noise Fly rN+}.
A cyclops comes into view.
You barely miss the manticore.
The manticore is severely wounded.
The bullfrog is no longer distracted by gold.
The steam dragon is no longer distracted by gold.
The scorpion is distracted by your dazzling golden aura.
The kobold brigand is distracted by your dazzling golden aura.
The manticore bites you!
The manticore claws you but does no damage. x2
The shadow imp is distracted by your dazzling golden aura.
The bullfrog is distracted by your dazzling golden aura.
The shadow imp is distracted by your dazzling golden aura.
The kobold brigand shouts!
The bullfrog gives a loud, deep croak!
You barely miss the manticore.
The manticore is severely wounded.
The shadow imp shouts!
You hear a loud, deep croak!
The orc wizard is no longer distracted by gold.
The manticore bites you!
* * * LOW HITPOINT WARNING * * *
You block the manticore's attack. x2
The kobold is distracted by your dazzling golden aura.
The kobold shouts!
You feel yourself speed up.
The shadow imp is no longer distracted by gold.
The scorpion is no longer distracted by gold.
The shadow imp is no longer distracted by gold.
The kobold brigand is no longer distracted by gold.
The kobold is distracted by your dazzling golden aura.
The kobold brigand hits you from afar with the +8 trishula "Condemnation" {holy, anguish, *Noise Fly rN+}!
You die...
Your body crumbles into a pile of gold. .# $ $$ .# $ .## ##. .# 5.. ... .# 5o .. .# Ko J. .# T# #D .# K♣F

## .## ♣H♣ ##. ..### ### ##♣@♣
#######.. ..#.♣ ♣.#♣♣♣♣♣$$.♣♣♣
#.♣.♣.#.. ..#.♣♣♣.♣♣.♣♣.♣♣♣♣.♣♣
♣♣♣♣.♣.♣#..
....♣.♣...♣..♣♣...♣.♣♣♣.).♣.♣....
#.#.♣.♣.♣♣♣♣.♣♣.)♣♣♣.♣.♣♣♣.♣.♣#.#
#.#.....# ♣♣)...♣ ♣♣.♣♣#.♣.♣.#.#
#.####### ###### ### #######.#
### ###


You could see a slime creature, a manticore, a troll, a steam dragon, a kobold
brigand, a bullfrog, an orc wizard, 2 shadow imps, an orc and a kobold
(unaware).

Vanquished Creatures
  A wizard (D:7)
  Pikel (D:5)
  A cyclops (D:7)
  An unseen horror (D:7)
  A vampire mosquito (D:7)
  Menkaure (D:4)
  Duvessa (D:4)
  3 sky beasts
  2 ice beasts (D:6)
  2 centaurs (D:7)
  An ogre (D:5)
  A phantom (D:7)
  2 kobold brigands (D:7)
  6 bullfrogs
  Blork the orc (D:6)
  2 scorpions (D:7)
  2 wights (D:7)
  Dowan (D:4)
  5 killer bees
  2 howler monkeys
  A jelly (D:6)
  2 hounds
  7 orc priests
  2 sleepcaps
  An iguana (D:6)
  5 orc wizards
  Natasha (thrice) (D:3)
  Terence (D:2)
  3 adders
  A shadow imp (D:7)
  3 white imps
  2 worms
  5 dart slugs
  30 orcs
  3 ball pythons
  6 endoplasms
  5 goblins
  A hobgoblin (D:3)
  6 jackals
  3 quokkas
  7 bats
  3 frilled lizards
  6 kobolds
  4 rats
147 creatures vanquished.

Vanquished Creatures (others)
  47 plants
47 creatures vanquished.

Grand Total: 194 creatures vanquished

Notes
Turn   | Place    | Note
-------+----------+-------------------------------------------
     0 | D:1      | Dorkslayer the Gargoyle Fighter began the quest for the
                  | Orb.
     0 | D:1      | Reached XP level 1. HP: 14/14 MP: 1/1
    97 | D:1      | Reached XP level 2. HP: 17/19 MP: 2/2
   358 | D:1      | Reached skill level 2 in Axes
   470 | D:1      | Reached XP level 3. HP: 21/23 MP: 3/3
   479 | D:1      | Found a faded altar of an unknown god.
  1146 | D:2      | Noticed Terence
  1163 | D:2      | Killed Terence
  1237 | D:2      | Reached skill level 1 in Dodging
  1237 | D:2      | Reached XP level 4. HP: 27/29 MP: 4/4
  1829 | D:3      | Noticed Natasha
  1835 | D:3      | Killed Natasha
  1908 | D:3      | Found a shadowy altar of Dithmenos.
  2025 | D:3      | Noticed Natasha
  2039 | D:3      | Killed Natasha
  2040 | D:3      | Reached XP level 5. HP: 23/33 MP: 5/5
  2044 | D:3      | Reached skill level 1 in Evocations
  2049 | D:3      | Noticed Natasha
  2071 | D:3      | Killed Natasha
  2072 | D:3      | Reached skill level 3 in Axes
  2693 | D:4      | Noticed Menkaure
  2707 | D:4      | Killed Menkaure
  2708 | D:4      | Reached XP level 6. HP: 5/38 MP: 6/6
  3110 | D:4      | Noticed Dowan
  3111 | D:4      | Noticed Duvessa
  3124 | D:4      | Killed Duvessa
  3125 | D:4      | Reached XP level 7. HP: 21/43 MP: 7/7
  3147 | D:4      | Killed Dowan
  3148 | D:4      | Reached skill level 4 in Axes
  3415 | D:4      | Identified the +8 dagger of Pain and Death {pain, Fly rC+}
  3440 | D:4      | Found a burning altar of Makhleb.
  3755 | D:5      | Entered Level 5 of the Dungeon
  3841 | D:5      | Noticed Pikel
  3889 | D:5      | Killed Pikel
  3890 | D:5      | Reached skill level 5 in Axes
  3890 | D:5      | Reached skill level 5 in Armour
  3890 | D:5      | Reached XP level 8. HP: 41/48 MP: 8/8
  4706 | D:6      | Found Oppein's Distillery.
  4713 | D:6      | Bought a potion of curing for 33 gold pieces
  4713 | D:6      | Bought a potion of brilliance for 44 gold pieces
  4713 | D:6      | Bought a potion of might for 44 gold pieces
  4713 | D:6      | Bought a potion of attraction for 33 gold pieces
  4915 | D:6      | Reached skill level 5 in Fighting
  5046 | D:6      | Reached skill level 6 in Axes
  5055 | D:6      | Noticed Blork the orc
  5064 | D:6      | Killed Blork the orc
  5065 | D:6      | Reached XP level 9. HP: 45/54 MP: 9/9
  5419 | D:6      | Found a staircase to the Ecumenical Temple.
  5425 | Temple   | Entered the Ecumenical Temple
  5474 | Temple   | Became a worshipper of Gozag Ym Sagoz the Greedy
  6087 | D:7      | Reached skill level 5 in Shields
  6404 | D:7      | Reached skill level 7 in Axes
  6758 | D:7      | Noticed a cyclops
  6763 | D:7      | Noticed a wizard
  6792 | D:7      | Killed an unseen horror
  6793 | D:7      | Reached XP level 10. HP: 40/60 MP: 10/10
  6815 | D:7      | Killed a wizard
  6816 | D:7      | Reached skill level 5 in Evocations
  6822 | D:7      | Reached skill level 8 in Axes
  6828 | D:7      | Killed a cyclops
  6831 | D:7      | Noticed a manticore
  6837 | D:7      | Noticed a two-headed ogre
  6840 | D:7      | Noticed a cyclops
  6843 | D:7      | Slain by a kobold brigand

Illustrated notes

Levels and vault maps discovered:
D:1:      lightli_arrival_quake, layout_basic,
          shapermc_ecumenical_altar_notcrosses
D:2:      layout_loops_corners, kennysheep_nondescript, chequers_big_river,
          minmay_octomino_j4, uniq_terence
D:3:      layout_loops_ring, nicolae_dithmenos_the_darkroom,
          supply_closet_lemuel, hangedman_decor_clover_reticule,
          nicolae_kite_square_tiling_tiny, uniq_natasha
D:4:      layout_loops_ring, lemuel_crystal_altar, corexii_hall_statues_t,
          uniq_menkaure, uniq_duvessa
D:5:      layout_basic, minmay_misc_feat_square, uniq_pikel
D:6:      layout_basic, minmay_temple_entry_enclosed_plants, serial_shops, shop,
          uniq_blork_the_orc
D:7:      nzn_winding_woodlands_large [nzn_winding_woodlands_5x5_default,
          nzn_winding_woodlands_5x15_lazy_stream,
          nzn_winding_woodlands_hourglass,
          nzn_winding_woodlands_center_pierced_h,
          nzn_winding_woodlands_15x15_five_gardens,
          nzn_winding_woodlands_center_triple_pond,
          nzn_winding_woodlands_5x5_checkerboard,
          nzn_winding_woodlands_5x15_crooked, nzn_winding_woodlands_5x5_three],
          layout_basic
Temple:   mainiacjoe_temple_cubbyholes

Skill      XL: |  1  2  3  4  5  6  7  8  9 10 |
---------------+-------------------------------+-----
Axes           | 2 3 5 6 7 8 |  8.2
Dodging        | 1 2 3 4 |  4.9
Armour         | 4 5 6 |  6.8
Evocations     | 1 2 3 4 5 |  5.2
Fighting       | 4 5 6 |  6.3
Shields        | 4 5 |  5.7
Throwing       | |  0.7

Action                     |  1- 3 |  4- 6 |  7- 9 | 10-12 || total
---------------------------+-------+-------+-------+-------++-------
  Melee: War axe           |    67 |   151 |   377 |    39 ||   634
  Throw: Boomerang         |       |       |     6 |       ||     6
  Evoke: Wand              |       |       |     5 |       ||     5
    Use: Potion            |     3 |     2 |     9 |     2 ||    16
         Scroll            |       |       |    11 |       ||    11
 Armour: Scale mail        |    38 |    86 |    12 |       ||   136
         Plate armour      |       |       |   274 |    26 ||   300
         Chain mail        |       |       |     2 |       ||     2
  Dodge: Dodged            |    35 |    84 |   145 |    11 ||   275
  Block: Buckler           |    15 |    41 |   100 |    10 ||   166

Table legend: (Time is in decaauts)
 A = Elapsed time spent in this place.
 B = Non-inter-level travel time spent in this place.
 C = Inter-level travel time spent in this place.
 D = Time resting spent in this place.
 E = Time spent auto-exploring this place.
 F = Levels seen in this place.
 G = Mean time per level.
                   A        B        C        D        E       F      G
               +--------+--------+--------+--------+--------+-----+--------+
         Total |   7048 |   7048 |      0 |    220 |   4020 |   8 |  881.0 |
       Dungeon |   6961 |   6961 |      0 |    220 |   3983 |   7 |  994.4 |
        Temple |     87 |     87 |      0 |      0 |     37 |   1 |   87.0 |
               +--------+--------+--------+--------+--------+-----+--------+

Top non-repeatable levels by time:
     D:6: 1322 daAuts
     D:4: 1105 daAuts
     D:2: 1066 daAuts
     D:7: 940 daAuts
     D:3: 935 daAuts
     D:5: 827 daAuts
     D:1: 764 daAuts
  Temple: 87 daAuts
